 Dungeon Crawl Stone Soup version 0.19-a0-34-g6972264 (webtiles) character file.

4846 aurelian the Scholar of Death (level 10, -9/83 HPs)
             Began as a Ghoul Necromancer on May 2, 2016.
             Was a Follower of Kikubaaqudgha.
             Mangled by Erica
             ... wielding a +2 scimitar of flaming
              (16 damage)
             ... on level 8 of the Dungeon.
             The game lasted 00:35:55 (12474 turns).

aurelian the Scholar of Death (Ghoul Necromancer)  Turns: 12474, Time: 00:35:55

Health: -9/83      AC:  6    Str: 13    XL:     10   Next: 49%
Magic:  1/12       EV: 13    Int: 10    God:    Kikubaaqudgha [*.....]
Gold:   472        SH:  0    Dex: 12    Spells: 4 memorised, 2 levels left

rFire  . . .     SeeInvis .     a - +2 whip (flame)
rCold  + . .     Gourm    .     u - +0 robe
rNeg   + + +     Faith    .     (no shield)
rPois  ∞         Spirit   .     (no helmet)
rElec  .         Dismiss  .     n - +0 cloak
rCorr  .         Reflect  .     (no gloves)
SustAt .         Harm     .     j - +0 pair of boots
MR     .....                    (no amulet)
Stlth  ++........               N - +2 ring of protection
                                q - +2 ring of slaying

@: about to teleport, rotting, not resistant to hostile enchantments, unstealthy
A: rotting body, claws 1, carnivore 3, cold resistance 1, negative energy
resistance 3, slow regeneration 1, torment resistance, unbreathing
a: Receive Corpses, Renounce Religion


You were on level 8 of the Dungeon.
You worshipped Kikubaaqudgha.
Kikubaaqudgha was aware of your devotion.
You were not hungry.

You visited 1 branch of the dungeon, and saw 8 of its levels.

You collected 472 gold pieces.

Inventory:

Hand Weapons
 a - a +2 whip of flaming (weapon)
 k - a +0 dagger
 l - a +0 dagger
 o - a +0 club
 t - a +2 flail of protection
 v - a +0 falchion
 y - a +0 antimagic trident
Missiles
 d - 83 poisoned needles
 g - 8 curare-tipped needles
 i - 172 stones
 x - 2 exploding tomahawks (quivered)
Armour
 j - a +0 pair of boots (worn)
 n - a +0 cloak (worn)
 u - a +0 robe (worn)
Jewellery
 e - an uncursed ring of stealth
 p - a +4 ring of strength
 q - a +2 ring of slaying (left claw)
 s - an uncursed ring of protection from magic
 A - a +3 ring of evasion
 M - an uncursed ring of fire
 N - a +2 ring of protection (right claw)
Wands
 r - a wand of digging (14/24)
 z - a wand of digging (18/24)
 B - a wand of teleportation (1/9)
 E - a wand of confusion (30/48)
 P - a wand of teleportation (5/9)
 S - a wand of paralysis (13/24)
Scrolls
 f - 7 scrolls of remove curse
 h - 6 scrolls of identify
 C - a scroll of random uselessness {unknown}
 K - a scroll of vulnerability {unknown}
 L - a scroll of holy word {unknown}
Potions
 m - 5 potions of curing
 w - 2 potions of magic
 H - a potion of might {unknown}
 I - a potion of berserk rage {unknown}
 J - a potion of haste
 O - a potion of agility {unknown}
 R - a potion of lignification {unknown}
 T - a potion of ambrosia {unknown}
Books
 b - a book of Necromancy

   Spells                             Type                      Level
   a - Pain                           Necromancy                   1
   b - Animate Skeleton               Necromancy                   1
   c - Vampiric Draining              Necromancy                   3
   d - Regeneration                   Charms/Necromancy            3
   e - Animate Dead                   Necromancy                   4
   f - Control Undead                 Necromancy                   4
 Q - Kikubaaqudgha's Almanac of Unholy Arts
   (Kikubaaqudgha gifted it to you on level 7 of the Dungeon)

   Spells                             Type                      Level
   a - Animate Skeleton               Necromancy                   1
   b - Pain                           Necromancy                   1
   c - Corpse Rot                     Necromancy                   2
   d - Vampiric Draining              Necromancy                   3
   e - Control Undead                 Necromancy                   4
 V - a book of the Warp

   Spells                             Type                      Level
   a - Recall                         Summoning/Translocation      3
   b - Gell's Gravitas                Hexes/Translocation          3
   c - Force Lance                    Conjuration/Translocation    4
   d - Warp Weapon                    Charms/Translocation         5
   e - Summon Forest                  Summoning/Translocation      5
Comestibles
 c - 5 meat rations
 G - a slice of pizza
 U - 2 beef jerkies
 W - 3 chunks of flesh


   Skills:
 - Level 6.2 Fighting
 + Level 8.5 Maces & Flails
 - Level 4.3 Dodging
 - Level 3.0 Stealth
 - Level 2.0 Spellcasting
 - Level 10.1 Necromancy


You had 2 spell levels left.
You knew the following spells:

 Your Spells              Type           Power        Failure   Level  Hunger
a - Pain                  Necr           ###.         1%          1    ##.....
b - Vampiric Draining     Necr           ###.......   1%          3    ####...
c - Regeneration          Chrm/Necr      ##........   12%         3    ####...
d - Animate Dead          Necr           N/A          6%          4    #####..


Dungeon Overview and Level Annotations

Branches:
Dungeon (8/15)             Temple (0/1) D:7
   Lair: D:8-11

Altars:
Ashenzari
Cheibriados
Dithmenos
Elyvilon
Gozag
Kikubaaqudgha
Makhleb
Okawaru
Qazlal
Ru
Trog
The Shining One

Annotations:
D:8 Erica, Grum


Innate Abilities, Weirdness & Mutations

Your body is rotting away.
You thrive on raw meat.
You are immune to poison.
You have sharp fingernails.
You are carnivorous and can eat meat at any time.
Your flesh is cold resistant.
You are immune to negative energy.
You regenerate slowly when monsters are visible.
You are immune to unholy pain and torment.
You can survive without breathing.


Message History

You miss something. Something hits you! Something burns you.
You hit something. You burn something. Something hits you!
* * * LOW HITPOINT WARNING * * *
Something burns you!
* * * LOW HITPOINT WARNING * * *
You miss something.
Drink which item? (? for menu, Esc to quit)
You feel better. Something hits you.
* * * LOW HITPOINT WARNING * * *
Something burns you.
* * * LOW HITPOINT WARNING * * *
Read which item? (? for menu, Esc to quit)
Okay, then.
Drink which item? (? for menu, Esc to quit)
Okay, then.
Read which item? (? for menu, Esc to quit)
As you read the scroll of teleportation, it crumbles to dust.
You feel strangely unstable. Something hits you!
You die...
Kikubaaqudgha rasps: "You have failed me!
Welcome... oblivion!"

#...# #..# #.#....
#########...####... ..#.###
#.........Z........ ...#..g.
#......####################.
#......# ........ #....)>#
######.. #......# #..
#......###################..
............{@†††.............
############################.#
............
#############.#.#.
#.......#...#.#.#.
#.###.#.#.#.#.#.#. #.#
#...#.#.#.#.#. #.#
#.###.#)#.#.#.
###.###.....#.#.#.#.


There were no monsters in sight!

Vanquished Creatures
  Pikel (D:6)
  Eustachio (D:4)
  An ice beast (D:6)
  Menkaure (D:6)
  A hippogriff (D:8)
  Edmund (D:6)
  Duvessa (D:4)
  A black bear (D:7)
  A sky beast (D:6)
  A slave (D:6)
  2 phantoms
  4 wolves
  6 ogres
  4 centaurs
  A big kobold (D:8)
  A giant frog (D:8)
  A water moccasin skeleton (D:5)
  Dowan (D:4)
  4 scorpions
  5 killer bees (D:7)
  3 electric eels (D:7)
  A howler monkey (D:6)
  2 jellies
  5 crimson imps
  2 centaur zombies
  2 giant frog zombies
  A quasit (D:8)
  7 hounds
  A gnoll shaman (D:6)
  A giant frog skeleton (D:5)
  An orc priest (D:3)
  2 orc wizards
  6 worker ants
  Natasha (thrice) (D:4)
  2 iguanas
  A hound skeleton (D:7)
  A howler monkey zombie (D:8)
  A worker ant zombie (D:6)
  5 gnolls
  2 howler monkey skeletons
  8 adders
  2 shadow imps
  3 oozes
  2 adder zombies (D:5)
  11 dart slugs
  4 giant geckos
  19 orcs
  5 bats
  4 giant cockroaches
  7 goblins
  7 hobgoblins
  7 jackals
  16 kobolds
  3 quokkas
  A giant gecko zombie (D:6)
  6 giant newts
  A jackal skeleton (D:5)
  A quokka zombie (D:4)
  7 rats
202 creatures vanquished.

Vanquished Creatures (collateral kills)
  An ogre (D:6)
  2 gnolls (D:8)
  A hobgoblin (D:8)
4 creatures vanquished.

Vanquished Creatures (others)
  An ogre (D:6)
  A sky beast (D:6)
  2 slaves (D:6)
  3 plants (D:8)
7 creatures vanquished.

Grand Total: 213 creatures vanquished

Notes
Turn   | Place    | Note
--------------------------------------------------------------
     0 | D:1      | aurelian the Ghoul Necromancer began the quest for the Orb.
     0 | D:1      | Reached XP level 1. HP: 14/14 MP: 2/2
   206 | D:1      | Reached XP level 2. HP: 17/20 MP: 0/4
   922 | D:1      | Reached XP level 3. HP: 26/26 MP: 5/5
  1062 | D:2      | Reached skill level 5 in Necromancy
  1123 | D:2      | Learned a level 3 spell: Vampiric Draining
  1156 | D:2      | Found an opulent altar of Gozag.
  2034 | D:3      | Reached XP level 4. HP: 33/33 MP: 2/6
  2562 | D:3      | Reached skill level 6 in Necromancy
  2627 | D:3      | Found a burning altar of Makhleb.
  2629 | D:3      | Reached XP level 5. HP: 35/36 MP: 3/7
  2988 | D:3      | Learned a level 3 spell: Regeneration
  3248 | D:3      | Found a bloodstained altar of Trog.
  3275 | D:3      | Found an ancient bone altar of Kikubaaqudgha.
  3282 | D:3      | Found a snail-covered altar of Cheibriados.
  3285 | D:3      | Became a worshipper of Kikubaaqudgha
  3683 | D:4      | Noticed a phantom
  3813 | D:4      | Reached skill level 7 in Necromancy
  3813 | D:4      | Reached XP level 6. HP: 37/44 MP: 4/8
  3941 | D:4      | Noticed Eustachio
  4159 | D:4      | Killed a phantom
  4159 | D:4      | Reached skill level 1 in Fighting
  4504 | D:4      | Noticed Natasha
  4523 | D:4      | Killed Natasha
  4592 | D:4      | Found a sacrificial altar of Ru.
  4605 | D:4      | Reached XP level 7. HP: 44/56 MP: 1/9
  4664 | D:4      | Noticed Natasha
  4666 | D:4      | Killed Natasha
  4851 | D:4      | Noticed Natasha
  4855 | D:4      | Killed Natasha
  4947 | D:4      | Killed Eustachio
  4947 | D:4      | Reached skill level 8 in Necromancy
  5179 | D:4      | Found a stormy altar of Qazlal.
  5208 | D:4      | Noticed Dowan
  5373 | D:4      | Killed Dowan
  5415 | D:4      | Noticed Duvessa
  5451 | D:4      | Killed Duvessa
  5665 | D:5      | Entered Level 5 of the Dungeon
  5753 | D:5      | Reached XP level 8. HP: 33/64 MP: 10/10
  6055 | D:4      | Found an iron altar of Okawaru.
  6488 | D:5      | Found a shattered altar of Ashenzari.
  7194 | D:6      | Noticed Edmund
  7202 | D:5      | Reached skill level 9 in Necromancy
  7807 | D:6      | Killed Edmund
  7894 | D:6      | Found a white marble altar of Elyvilon.
  8091 | D:6      | Reached skill level 5 in Fighting
  8091 | D:6      | Reached XP level 9. HP: 69/74 MP: 5/11
  8114 | D:6      | Noticed Pikel
  8222 | D:6      | Killed Pikel
  8222 | D:6      | Reached skill level 10 in Necromancy
  8477 | D:6      | Found a shadowy altar of Dithmenos.
  8631 | D:6      | Learned a level 4 spell: Animate Dead
  8673 | D:6      | Reached skill level 1 in Maces & Flails
  8884 | D:6      | Found a shadowy altar of Dithmenos.
  8982 | D:6      | Noticed Menkaure
  8998 | D:6      | Killed Menkaure
  9573 | D:7      | Reached skill level 5 in Maces & Flails
  9849 | D:7      | Reached * piety under Kikubaaqudgha
  9849 | D:7      | Received a gift from Kikubaaqudgha
  9849 | D:7      | Reached XP level 10. HP: 60/83 MP: 12/12
  9854 | D:7      | Identified Kikubaaqudgha's Almanac of Unholy Arts (Kikubaaqudgha gifted it to you on level 7 of the Dungeon)
 10767 | D:7      | Found a staircase to the Ecumenical Temple.
 11348 | D:8      | Noticed Grum
 12010 | D:8      | Upgraded the game from 0.19-a0-32-gbfd796a to 0.19-a0-34-g6972264
 12398 | D:8      | Found a glowing golden altar of the Shining One.
 12423 | D:8      | Noticed Erica
 12474 | D:8      | Mangled by Erica

Vault maps used:
D:1:      saegor_arrival_simple_f, minmay_misc_feat_nine_boxes, minivault_19
D:2:      nicolae_gozag_seed_capital, first_bread, serial_glass,
          glass_columns_a, glass_columns_b
D:3:      nicolae_overflow_crystal_walls, minitemple
D:4:      nicolae_overflow_hidden_temple, lemuel_crystal_altar, kennysheep_mini,
          uniq_eustachio, uniq_natasha, uniq_duvessa
D:5:      overflow_temple_1_default
D:6:      marbit_many_paths, overflow_temple_1_default, grunt_dithmenos_smoke,
          uniq_menkaure, uniq_pikel, uniq_edmund
D:7:      kennysheep_slugbush, minmay_temple_entry_junction
D:8:      corexii_shack_village, kennysheep_little_box, lair_0_dummy,
          uniq_erica, uniq_grum

Skill      XL: |  1  2  3  4  5  6  7  8  9 10 |
---------------+-------------------------------+-----
Spellcasting   | 2 |  2.0
Necromancy     | 5 6 7 8 9 10 | 10.1
Fighting       | 2 4 5 6 |  6.2
Dodging        | 2 4 |  4.3
Stealth        | 3 |  3.0
Maces & Flails | 6 8 |  8.5

Action                   |  1- 3 |  4- 6 |  7- 9 | 10-12 || total
-------------------------+-------+-------+-------+-------++-------
Melee: Unarmed           |     4 |       |       |       ||     4
       Dagger            |    16 |    42 |       |       ||    58
       Falchion          |       |     8 |       |       ||     8
       Whip              |       |    35 |   249 |   180 ||   464
       Flail             |       |       |    27 |       ||    27
Throw: Stone             |       |    28 |       |       ||    28
       Tomahawk          |       |       |     3 |       ||     3
 Cast: Pain              |    55 |   117 |   189 |    90 ||   451
       Vampiric Draining |       |       |     9 |     8 ||    17
       Animate Dead      |       |       |     1 |     3 ||     4
Invok: Receive Corpses   |       |       |       |     3 ||     3
Evoke: Wand              |       |       |     3 |       ||     3
  Use: Potion            |       |     1 |       |     3 ||     4
       Scroll            |       |       |    10 |     2 ||    12
 Stab: Sleeping          |       |       |     3 |       ||     3
       Confused          |       |       |     3 |       ||     3
  Eat: Chunk             |     6 |    18 |    34 |    22 ||    80
Armor: Robe              |     6 |    25 |    68 |    68 ||   167
Dodge: Dodged            |    28 |    81 |   263 |   155 ||   527
